 Dungeon Crawl Stone Soup version 0.28-a0-381-g937acc2988 (webtiles) character file.

Game seed: 140071535874521183

65 dolemite99 the Skirmisher (level 4, 0/37 HPs)
             Began as a Djinni Hunter on Sept 2, 2021.
             Was a Believer of Jiyva.
             Slain by an orc (2 damage)
             ... on level 3 of the Dungeon.
             The game lasted 00:02:35 (2231 turns).

dolemite99 the Skirmisher (Djinni Hunter)           Turns: 2231, Time: 00:02:36

Health: 0/37       AC: 10    Str: 14    XL:     4   Next: 34%
Gold:   896        EV:  6    Int: 11    God:    Jiyva [**....] SH:  0 Dex: 13

rFire   + + .      SeeInvis .   j - +0 trident
rCold   x . .      Faith    .   (no shield)
rNeg    . . .      Spirit   .   k - +0 chain mail
rPois   ∞          Reflect  .   (no helmet)
rElec   .          Harm     .   (no cloak)
rCorr   .          Rampage  .   h - +1 pair of gloves {Stlth+}
Will    .....                   (boots unavailable)
Stlth   ..........              (no amulet)
HPRegen 0.12/turn               (no ring)
MPRegen 0.00/turn               (no ring)

@: flying
A: sickness immunity, fire resistance 2, cold vulnerability 1, float, innate
caster, hp casting, extra vitality 1
a: Renounce Religion, Request Jelly


You were on level 3 of the Dungeon.
You worshipped Jiyva.
Jiyva was pleased with you.
You visited 1 branch of the dungeon, and saw 3 of its levels.

You collected 896 gold pieces.

Inventory:

Hand Weapons
 a - a +1 hunting sling
 b - a +0 short sword
 j - a +0 trident (weapon)
Missiles
 c - 12 arrows
Armour
 h - a +1 pair of gloves of stealth (worn)
 k - a +0 chain mail (worn)
Scrolls
 f - a scroll of identify {@r1}
 i - a scroll of holy word
Potions
 e - a potion of lignification {unknown}


   Skills:
 + Level 4.3 Fighting
 - Level 3.2 Slings
 - Level 2.1 Dodging
 - Level 0.7 Stealth


You had 2 spell levels left.
You knew the following spells:

 Your Spells              Type           Power      Damage    Failure   Level
a - Apportation           Tloc           0%         N/A       100%        1
Your spell library was empty.


Dungeon Overview and Level Annotations

Branches:
Dungeon (3/15)

Altars:
Jiyva


Innate Abilities, Weirdness & Mutations

You are immune to sickness and miasma.
You are immune to poison.
Your flesh is very heat resistant. (rF++)
You are vulnerable to cold. (rC-)
You float through the air rather than walking.
You learn spells naturally, not from books.
Your magical power is your life essence.
You have superior vitality. (+4 HP)


Message History

Found a stone staircase leading down.
There is an open door here.
An orc comes into view. It is wielding a +0 hand axe.
The orc shouts!
The kobold hits you with a +0 club.
You hear a distant slurping noise.
You hit the kobold but do no damage. The kobold hits you with a +0 club.
You hear a distant slurping noise.
You hear a squelching noise.
The kobold hits you but does no damage.
You miss the kobold. The kobold hits you with a +0 club.
You hit the orc but do no damage.
You hear a distant slurping noise.
The kobold hits you but does no damage. The orc hits you but does no damage.
You hit the orc but do no damage. The kobold hits you with a +0 club.
The orc hits you with a +0 hand axe.
You closely miss the orc. The kobold hits you but does no damage.
The orc hits you but does no damage. The kobold hits you with a +0 club.
The orc hits you but does no damage.
You hit the orc but do no damage. The kobold hits you but does no damage.
The orc hits you with a +0 hand axe.
Your chain mail prevents you from hitting the orc.
The kobold barely misses you. The orc hits you but does no damage.
You hit the orc but do no damage. The kobold hits you but does no damage.
The orc hits you with a +0 hand axe. The kobold hits you but does no damage.
The orc hits you with a +0 hand axe.
You barely miss the orc. The kobold hits you with a +0 club.
The orc hits you but does no damage.
You barely miss the orc. The kobold barely misses you.
The orc barely misses you.
You barely miss the orc. The kobold hits you with a +0 club.
* * * LOW HITPOINT WARNING * * *
The orc hits you with a +0 hand axe.
* * * LOW HITPOINT WARNING * * *
The kobold hits you with a +0 club.
* * * LOW HITPOINT WARNING * * *
You hit the orc.
The orc is moderately wounded.
The orc hits you but does no damage. The kobold hits you but does no damage.
The orc hits you with a +0 hand axe.
You die...

#.# #....#
#.# #...##
#.# #...##
#.# #...##
#.# #...# #
#.# #...#
#.####'##
#...#
#.......#
#...@...#
#..Ko...#
#....>..#
#.........
#.......###
#........
##......##
........


You could see an orc and a kobold.

Vanquished Creatures
  3 gnolls (D:2)
  2 orcs (D:3)
  3 giant cockroaches
  2 goblins
  A hobgoblin (D:1)
  3 kobolds
  A quokka (D:2)
  A ball python (D:3)
  2 frilled lizards (D:1)
18 creatures vanquished.

Vanquished Creatures (others)
  A jelly (D:2)
  3 gnolls (D:2)
  A worm (D:2)
  2 dart slugs
  A ball python (D:1)
  2 giant cockroaches (D:1)
  4 goblins
  2 hobgoblins (D:2)
  A quokka (D:1)
  A frilled lizard (D:1)
  4 kobolds
22 creatures vanquished.

Grand Total: 40 creatures vanquished

Notes
Turn   | Place    | Note
-------+----------+-------------------------------------------
     0 | D:1      | dolemite99 the Djinni Hunter began the quest for the Orb.
     0 | D:1      | Reached XP level 1. HP: 18/18 MP: 0/0
   124 | D:1      | Found a faded altar of an unknown god.
   134 | D:1      | Became a worshipper of Jiyva Jantar the Shapeless
   134 | D:1      | Reached * piety under Jiyva
   232 | D:1      | Reached XP level 2. HP: 24/24 MP: 0/0
   951 | D:2      | Reached skill level 3 in Fighting
   951 | D:2      | Reached XP level 3. HP: 30/30 MP: 0/0
   951 | D:2      | Learned a level 1 spell: Apportation
  1190 | D:2      | Reached ** piety under Jiyva
  1537 | D:2      | Reached skill level 4 in Fighting
  1537 | D:2      | Reached XP level 4. HP: 23/37 MP: 0/0
  2185 | D:3      | Identified a scroll of acquirement
  2185 | D:3      | Acquired 883 gold pieces
  2230 | D:3      | HP: 1/37 [kobold (3)]
  2231 | D:3      | Slain by an orc

Illustrated notes

Levels and vault maps discovered:
D:1:      nagdon_arrival_double_spiral, layout_loops_ring,
          basic_ecumenical_altar, minmay_misc_feat_five, kennysheep_minor_cross
D:2:      layout_rooms, minmay_misc_feat_cross, chequers_serial_rivers_large_b
D:3:      layout_basic, lemuel_doored_altar

Skill      XL: |  1  2  3 |
---------------+----------+-----
Fighting       | 3 4 |  4.3
Slings         | |  3.2
Dodging        | |  2.1
Stealth        | |  0.7

Action                   |  1- 3 |  4- 6 || total
-------------------------+-------+-------++-------
Melee: Trident           |       |    21 ||    21
 Fire: Hunting sling     |    44 |     5 ||    49
  Use: Scroll            |     3 |     1 ||     4
Armor: Ring mail         |     2 |       ||     2
       Chain mail        |       |    19 ||    19
Dodge: Dodged            |     6 |     8 ||    14

Table legend: (Time is in decaauts)
 A = Elapsed time spent in this place.
 B = Non-inter-level travel time spent in this place.
 C = Inter-level travel time spent in this place.
 D = Time resting spent in this place.
 E = Time spent auto-exploring this place.
 F = Levels seen in this place.
 G = Mean time per level.
                   A        B        C        D        E       F      G
               +--------+--------+--------+--------+--------+-----+--------+
         Total |   2237 |   2189 |     48 |    545 |   1268 |   3 |  745.7 |
       Dungeon |   2237 |   2189 |     48 |    545 |   1268 |   3 |  745.7 |
               +--------+--------+--------+--------+--------+-----+--------+

Top non-repeatable levels by time:
     D:2: 1106 daAuts
     D:1: 864 daAuts
     D:3: 266 daAuts
